[Event "January 9 Late 2024"]
[Site "https://www.chess.com"]
[Date "2024.01.09"]
[Round "6"]
[White "Niedbala, Bartlomiej"]
[Black "Kollars, Dmitrij"]
[Result "0-1"]
[Board "25"]
[TimeControl "180+1"]
[WhiteFideId "21834008"]
[BlackFideId "12909572"]
[WhiteElo "2688"]
[BlackElo "2967"]
[WhiteTeam "POL"]
[BlackTeam "GER"]
[WhiteClock "0:00:08"]
[BlackClock "0:00:10"]

1. e4 e5 2. Nf3 Nc6 3. Nc3 Nf6 4. d4 exd4 5. Nxd4 Bc5 6. Be3 Bb6 7. Qd2 O-O 8. O-O-O Re8 9. f3 d5 10. exd5 Nxd5 11. Bg5 Nde7 12. Nxc6 Qxd2+ 13. Bxd2 Nxc6 14. Nd5 Be6 15. Nxb6 axb6 16. a3 Rad8 17. Bb5 Rd5 18. Ba4 b5 19. Bb3 Rf5 20. Bxe6 Rxe6 21. Ba5 b6 22. Bc3 h5 23. Rd7 Re7 24. Rhd1 h4 25. Rxe7 Nxe7 26. h3 Nd5 27. Bd2 c6 28. Re1 Kf8 29. Re4 g5 30. b3 Nf6 31. Re1 Nh5 32. Be3 c5 33. b4 f6 34. Rd1 Ke7 35. Re1 Kd6 36. Rd1+ Kc7 37. Kb2 Re5 38. Re1 Kc6 39. Kc1 Nf4 40. Bd2 Rxe1+ 41. Bxe1 Nxg2 42. Bd2 Kd5 43. Kd1 Ke5 44. Ke2 Nf4+ 45. Kf1 Nxh3 46. bxc5 bxc5 47. Be3 c4 48. Bb6 Nf4 49. Kf2 Ne6 50. Ba7 Nd4 51. Bb8+ Kf5 52. c3 Ne6 53. Ke3 g4 54. fxg4+ Kxg4 55. Bd6 f5 56. Kf2 f4 57. Be5 Ng5 58. Kg2 h3+ 59. Kh1 Kg3 60. a4 bxa4 61. Bd6 Ne4 62. Ba3 Nf2+ 63. Kg1 h2+ 64. Kf1 h1=Q+ 65. Ke2 Qd1# 0-1

[Event "January 9 Late 2024"]
[Site "https://www.chess.com"]
[Date "2024.01.09"]
[Round "6"]
[White "Bok, Benjamin"]
[Black "Boyer, Mahel"]
[Result "1-0"]
[Board "26"]
[TimeControl "180+1"]
[WhiteFideId "1017063"]
[BlackFideId "45102422"]
[WhiteElo "2938"]
[BlackElo "2685"]
[WhiteTeam "NED"]
[BlackTeam "FRA"]
[WhiteClock "0:00:05"]
[BlackClock "0:00:04"]

1. d4 d6 2. Nf3 g6 3. e4 Bg7 4. Bc4 e6 5. O-O d5 6. exd5 exd5 7. Re1+ Ne7 8. Bb3 O-O 9. Bg5 f6 10. Bd2 Nbc6 11. c4 Kh8 12. Nc3 Bg4 13. Be3 f5 14. cxd5 Bxf3 15. Qxf3 Nxd4 16. Bxd4 Bxd4 17. Rad1 Bg7 18. d6 cxd6 19. Qxb7 Bf6 20. Re6 d5 21. h3 d4 22. Nb5 Rb8 23. Qa6 Rb6 24. Rxb6 Qxb6 25. Qxb6 axb6 26. Kf1 Rd8 27. Bc4 Nd5 28. g3 Nb4 29. a3 Nc6 30. f4 Re8 31. Re1 Re3 32. Kf2 Na5 33. Bd5 Rd3 34. Re6 Kg7 35. Rxb6 Rd2+ 36. Kf3 Rxb2 37. a4 Nb3 38. Bxb3 Rxb3+ 39. Ke2 Rxg3 40. a5 Rxh3 41. a6 Rh2+ 42. Kf3 Ra2 43. a7 d3 44. Rb8 d2 45. Ke2 Ra1 46. Kxd2 g5 47. a8=Q Rxa8 48. Rxa8 gxf4 49. Ke2 Kg6 50. Kf3 Bg5 51. Ra6+ Bf6 52. Nd6 Kg5 53. Nf7+ Kg6 54. Ne5+ Kg5 55. Nd7 Bd4 56. Nf8 Be3 57. Nxh7+ Kh5 58. Nf6+ Kg5 59. Nd5 Bd2 60. Ra2 Bc1 61. Rc2 Ba3 62. Nxf4 Bd6 63. Rg2+ Kf6 64. Rg6+ Ke5 65. Re6+ 1-0

[Event "January 9 Late 2024"]
[Site "https://www.chess.com"]
[Date "2024.01.09"]
[Round "6"]
[White "Aravindh, Chithambaram VR."]
[Black "Msellek, Ilyass"]
[Result "1-0"]
[Board "27"]
[TimeControl "180+1"]
[WhiteFideId "5072786"]
[BlackFideId "675938"]
[WhiteElo "2934"]
[BlackElo "2684"]
[WhiteTeam "IND"]
[BlackTeam "MAR"]
[WhiteClock "0:02:04"]
[BlackClock "0:01:37"]

1. b3 e5 2. Bb2 Nc6 3. c4 Nf6 4. Nf3 e4 5. Nd4 g6 6. Nxc6 dxc6 7. g3 Bg7 8. Bg2 O-O 9. O-O Bf5 10. Nc3 Qd7 11. Qe1 Rfe8 12. Rd1 Rad8 13. f3 exf3 14. Bxf3 Bh3 15. Bg2 Bxg2 16. Kxg2 Ng4 17. h3 Ne5 18. d4 Ng4 19. hxg4 Qxg4 20. Qf2 f5 21. e3 h5 22. Qf3 Qg5 23. Bc1 Qe7 24. Ne2 c5 25. Nf4 cxd4 26. exd4 Qf7 27. d5 Re4 28. Ne6 1-0

[Event "January 9 Late 2024"]
[Site "https://www.chess.com"]
[Date "2024.01.09"]
[Round "6"]
[White "Matlakov, Maxim"]
[Black "Sherman, Raem"]
[Result "1-0"]
[Board "28"]
[TimeControl "180+1"]
[WhiteFideId "4168003"]
[BlackFideId "2822288"]
[WhiteElo "2931"]
[BlackElo "2669"]
[WhiteTeam "RUS"]
[BlackTeam "ISR"]
[WhiteClock "0:00:42"]
[BlackClock "0:00:04"]

1. d4 d5 2. Nf3 Nf6 3. Bg5 e6 4. e3 Be7 5. Nbd2 h6 6. Bh4 O-O 7. Bd3 b6 8. Qe2 Bb7 9. Ne5 c5 10. c3 Nfd7 11. Bxe7 Qxe7 12. O-O Nxe5 13. dxe5 Nd7 14. f4 f5 15. g4 g6 16. Rf3 Rf7 17. Rg3 Rg7 18. h3 Kh7 19. Kh2 Rag8 20. Rag1 c4 21. Bc2 Nc5 22. Nf3 Ne4 23. R3g2 b5 24. Nd4 a6 25. Qe1 Bc8 26. h4 h5 27. Bxe4 dxe4 28. gxh5 gxh5 29. Rg5 Rxg5 30. fxg5 Kg7 31. Ne2 Bb7 32. Nf4 Rh8 33. Qd1 Bc6 34. Qd4 Kf7 35. Rd1 a5 36. Kg3 a4 37. Qb6 Rc8 38. Rd6 Bd7 39. Qb7 Rd8 40. Qc7 Ke8 41. a3 Rc8 42. Qb6 Rd8 43. Nxe6 Rc8 44. Nf4 Qxe5 45. Rd5 Qe7 46. Qg6+ Kd8 47. Ne6+ 1-0

[Event "January 9 Late 2024"]
[Site "https://www.chess.com"]
[Date "2024.01.09"]
[Round "6"]
[White "Zhigalko, Sergei"]
[Black "Goryachkina, Aleksandra"]
[Result "1-0"]
[Board "29"]
[TimeControl "180+1"]
[WhiteFideId "13502956"]
[BlackFideId "4147103"]
[WhiteElo "2929"]
[BlackElo "2650"]
[WhiteTeam "BLR"]
[BlackTeam "FID"]
[WhiteClock "0:00:06"]
[BlackClock "0:00:00"]

1. e4 c6 2. d4 d5 3. e5 Bf5 4. Nf3 e6 5. Be2 Ne7 6. O-O h6 7. Nbd2 a5 8. a4 Nd7 9. Nb3 Bh7 10. Ne1 Qc7 11. Nd3 b6 12. Nf4 Nf5 13. Bd2 Be7 14. Rc1 O-O 15. c4 Qb7 16. Bd3 Rfc8 17. Qf3 Nh4 18. Bxh7+ Kxh7 19. Qd3+ Kg8 20. Rc2 dxc4 21. Rxc4 b5 22. Rc2 Bb4 23. Bxb4 axb4 24. a5 g5 25. Qg3 c5 26. Nxc5 Nxc5 27. dxc5 Qe4 28. Nd3 Rd8 29. Rd2 Rxa5 30. c6 Raa8 31. c7 Rdc8 32. Rc1 Qb7 33. f4 Rxc7 34. Rf1 Nf5 35. Qf2 g4 36. Nxb4 Rac8 37. Nc2 Rc4 38. Ne3 1-0

[Event "January 9 Late 2024"]
[Site "https://www.chess.com"]
[Date "2024.01.09"]
[Round "6"]
[White "Liascovich, Lucas"]
[Black "Espinoza Villanueva, Rodrigo"]
[Result "1-0"]
[Board "30"]
[TimeControl "180+1"]
[WhiteFideId "108634"]
[BlackFideId "5140188"]
[WhiteElo "2925"]
[BlackElo "2605"]
[WhiteTeam "ARG"]
[BlackTeam "MEX"]
[WhiteClock "0:00:12"]
[BlackClock "0:00:05"]

1. e4 c5 2. Nc3 a6 3. d4 cxd4 4. Qxd4 Nc6 5. Qe3 d6 6. Bd2 Nf6 7. O-O-O g6 8. f3 Bg7 9. Nd5 Nxd5 10. exd5 Ne5 11. Bc3 O-O 12. h4 e6 13. h5 exd5 14. hxg6 hxg6 15. f4 Ng4 16. Qh3 Nh6 17. Qh2 d4 18. Bxd4 f6 19. Bc4+ d5 20. Bd3 Bf5 21. Nf3 Qd7 22. Kb1 Rfc8 23. Nh4 Bxd3 24. Rxd3 Kf7 25. Rg3 Nf5 26. Qh3 Qc7 27. Rc3 Qxf4 28. Nxf5 Qxf5 29. Qg3 Rxc3 30. Bxc3 Re8 31. a4 g5 32. Rd1 Re2 33. Rd3 Kg6 34. Qc7 Qf2 35. Rxd5 Qxg2 36. Rd7 Qe4 37. Rxg7+ Kh6 38. Qd7 Qxc2+ 39. Ka2 Qxc3 40. Rh7+ Kg6 41. Rg7+ Kh6 42. Rh7+ Kg6 43. Qf7+ Kf5 44. Qd5+ Kg6 45. Rxb7 Qe3 46. Qg8+ Kf5 47. Qh7+ Kg4 48. Rb4+ Kf3 49. Rb3 g4 50. Qf5+ Kg3 51. Qxf6 Qxb3+ 52. Kxb3 Re3+ 53. Ka2 Rf3 54. Qxa6 Kf2 55. Qb6+ Kg2 56. a5 g3 57. a6 Kh1 58. Qb7 g2 59. Qxf3 Kg1 60. a7 Kh2 1-0

[Event "January 9 Late 2024"]
[Site "https://www.chess.com"]
[Date "2024.01.09"]
[Round "6"]
[White "Sowa, Ryan"]
[Black "Melkumyan, Hrant"]
[Result "0-1"]
[Board "31"]
[TimeControl "180+1"]
[WhiteFideId "30901693"]
[BlackFideId "13302485"]
[WhiteElo "2598"]
[BlackElo "2896"]
[WhiteTeam "USA"]
[BlackTeam "ARM"]
[WhiteClock "0:01:40"]
[BlackClock "0:01:16"]

1. Nf3 c5 2. b3 Nc6 3. Bb2 d5 4. g3 f6 5. d4 cxd4 6. Nxd4 e5 7. Nxc6 bxc6 8. Bg2 Be6 9. O-O Qd7 10. c4 Rc8 11. cxd5 cxd5 12. e3 Bc5 13. Nc3 Ne7 14. Na4 Bb4 15. a3 Bd6 16. Rc1 O-O 17. Qd2 Rfd8 18. Qa5 h5 19. Nc5 Bxc5 20. Rxc5 Rxc5 21. Qxc5 Rc8 22. Qa5 Rc2 23. Ba1 h4 24. Qb4 h3 25. Bf3 e4 26. Bd1 Rc8 27. Qd2 Bg4 28. Bd4 Qf5 29. Bxg4 Qxg4 30. Qd1 Qf5 31. Bxa7 Ng6 32. Bd4 Nh4 33. Kh1 Rc1 34. Qe2 Qf3+ 0-1

[Event "January 9 Late 2024"]
[Site "https://www.chess.com"]
[Date "2024.01.09"]
[Round "6"]
[White "Bellahcene, Bilel"]
[Black "Kuzubov, Yuriy"]
[Result "1-0"]
[Board "32"]
[TimeControl "180+1"]
[WhiteFideId "696358"]
[BlackFideId "14112906"]
[WhiteElo "2596"]
[BlackElo "2896"]
[WhiteTeam "ALG"]
[BlackTeam "UKR"]
[WhiteClock "0:00:08"]
[BlackClock "0:00:11"]

1. e4 e6 2. d4 d5 3. e5 c5 4. c3 Nc6 5. g3 Bd7 6. Ne2 Rc8 7. Bh3 Qb6 8. O-O Nh6 9. a3 cxd4 10. cxd4 Na5 11. Nbc3 Nb3 12. Rb1 Nxc1 13. Rxc1 Rc4 14. b3 Rc6 15. b4 Be7 16. Nf4 Qd8 17. Qd3 Bg5 18. Nce2 O-O 19. Rxc6 Bxc6 20. Rc1 Qd7 21. Rc5 b6 22. Rc3 Ba4 23. Qd2 Rc8 24. Rxc8+ Qxc8 25. Qc3 Qxc3 26. Nxc3 Bxf4 27. gxf4 Bc6 28. b5 Bb7 29. Kf1 Kf8 30. Ke2 Ke7 31. Kd3 f5 32. a4 Nf7 33. Ke3 h6 34. Bf1 Bc8 35. Na2 Bd7 36. Nb4 Kd8 37. Bg2 Nh8 38. Kf3 g5 39. Kg3 Ng6 40. Nd3 Kc7 41. fxg5 hxg5 42. f4 g4 43. Nb4 Kd8 44. h3 gxh3 45. Bxh3 Ke7 46. Bg2 Kf8 47. Bf3 Kg7 48. Be2 Kh6 49. Nc6 a5 50. Nb8 Be8 51. Na6 Ne7 52. Nc7 Bd7 53. Kh4 Ng6+ 54. Kg3 Ne7 55. Bf3 Kg6 56. Kh4 Bc8 57. Bh5+ Kh6 58. Na8 Bd7 59. Nxb6 Bc8 60. Bf7 Kg7 61. Bh5 Bb7 62. Nd7 Bc8 63. Nc5 Kf8 64. Kg5 Kg7 65. Be8 Kf8 66. Bd7 Bxd7 67. Nxd7+ Kf7 68. Nc5 Nc8 69. Nb7 Nb6 70. Nxa5 Nxa4 71. Nc6 Nb6 72. Nb4 Nc4 73. Nd3 Ke7 74. Kh4 Nd2 75. b6 Nf3+ 76. Kh5 Nxd4 77. b7 Nc6 78. Kg6 d4 79. Kg7 Nb8 80. Nc5 Ke8 81. Kf6 Kd8 82. Kxe6 Kc7 83. Kd5 d3 84. Nxd3 Kxb7 85. Ke6 Kc7 86. Kxf5 Kd7 87. e6+ Ke7 88. Ne5 Na6 89. Ng6+ Ke8 90. Kf6 Nc5 91. f5 Ne4+ 92. Ke5 Ng5 93. f6 Kd8 94. f7 Nh7 95. f8=Q+ Nxf8 96. Nxf8 Ke7 97. Ng6+ Ke8 98. Kf6 Kd8 99. Kf7 1-0

[Event "January 9 Late 2024"]
[Site "https://www.chess.com"]
[Date "2024.01.09"]
[Round "6"]
[White "Tang, Andrew"]
[Black "Taboas Rodriguez, Daniel"]
[Result "1-0"]
[Board "33"]
[TimeControl "180+1"]
[WhiteFideId "2059630"]
[BlackFideId "2208466"]
[WhiteElo "2893"]
[BlackElo "2591"]
[WhiteTeam "USA"]
[BlackTeam "ESP"]
[WhiteClock "0:00:10"]
[BlackClock "0:00:00"]

1. d4 Nf6 2. c4 g6 3. f3 Bg7 4. e4 d6 5. Nc3 O-O 6. Nge2 c5 7. d5 e6 8. Ng3 exd5 9. cxd5 a6 10. a4 Nbd7 11. Be2 h5 12. Bg5 Qb6 13. Qd2 Nh7 14. a5 Qc7 15. Bh6 h4 16. Bxg7 Kxg7 17. Nf1 b5 18. axb6 Qxb6 19. Ne3 Rb8 20. Nc4 Qc7 21. f4 Nb6 22. Ne3 Re8 23. O-O Nf6 24. e5 dxe5 25. d6 Qd8 26. f5 g5 27. Bxa6 Nbd7 28. Bc4 Rb4 29. b3 Bb7 30. Nc2 Ne4 31. Nxe4 Bxe4 32. Nxb4 cxb4 33. Qf2 f6 34. Ra7 Bc6 35. Be6 Kh6 36. Rc1 Bb5 37. Rcc7 Nf8 38. Qc5 Qb8 39. Rcb7 1-0

[Event "January 9 Late 2024"]
[Site "https://www.chess.com"]
[Date "2024.01.09"]
[Round "6"]
[White "Bellissimo, Joseph F."]
[Black "Grischuk, Alexander"]
[Result "0-1"]
[Board "34"]
[TimeControl "180+1"]
[WhiteFideId "2609843"]
[BlackFideId "4126025"]
[WhiteElo "2508"]
[BlackElo "3046"]
[WhiteTeam "CAN"]
[BlackTeam "RUS"]
[WhiteClock "0:00:07"]
[BlackClock "0:00:08"]

1. e4 e5 2. Nf3 Nc6 3. Bc4 Bc5 4. Qe2 Nf6 5. Ng5 d5 6. exd5 Nd4 7. Qxe5+ Kf8 8. Nxf7 Kxf7 9. d6+ Be6 10. Qxc5 Re8 11. O-O Qxd6 12. Qxd6 cxd6 13. Bxe6+ Rxe6 14. Na3 d5 15. c3 Ne2+ 16. Kh1 d4 17. d3 dxc3 18. bxc3 Nxc3 19. Be3 Nfd5 20. Rfc1 a6 21. Nc4 b5 22. Nb6 Nxb6 23. Rxc3 Nd5 24. Rc5 Nxe3 25. Rc7+ Kg8 26. fxe3 Rxe3 27. Rd1 Rd8 28. Rc3 h6 29. Kg1 Re2 30. Ra3 Rd6 31. d4 Rg6 32. Rg3 Rxg3 33. hxg3 Rxa2 34. d5 Kf7 35. Kh2 Ke7 36. Kh3 b4 37. Kg4 Kd6 38. Kf5 a5 39. Ke4 b3 40. Kd3 a4 41. Kc4 b2 42. Kc3 Ra1 43. Kxb2 Rxd1 44. Ka3 Rxd5 45. Kxa4 Rg5 46. Kb4 Rxg3 47. Kb5 Rxg2 48. Ka6 Rb2 49. Ka5 h5 50. Ka6 h4 51. Ka7 h3 52. Ka8 h2 53. Ka7 h1=R 0-1

[Event "January 9 Late 2024"]
[Site "https://www.chess.com"]
[Date "2024.01.09"]
[Round "6"]
[White "Naroditsky, Daniel"]
[Black "Ghasi, Ameet K"]
[Result "1-0"]
[Board "35"]
[TimeControl "180+1"]
[WhiteFideId "2026961"]
[BlackFideId "409200"]
[WhiteElo "3137"]
[BlackElo "2763"]
[WhiteTeam "USA"]
[BlackTeam "ENG"]
[WhiteClock "0:00:25"]
[BlackClock "0:00:02"]

1. e4 d6 2. d4 g6 3. Nc3 Bg7 4. h4 h6 5. h5 g5 6. f4 gxf4 7. Bxf4 Nc6 8. Nf3 Bg4 9. Be3 Nf6 10. Qd2 a6 11. Be2 e5 12. d5 Bxf3 13. Bxf3 Nd4 14. Ne2 Nd7 15. O-O-O Nxe2+ 16. Qxe2 Bf6 17. Kb1 Bg5 18. Bf2 Nc5 19. Bg4 Qe7 20. Bf5 Rg8 21. Rh3 Bf4 22. g4 Kf8 23. Rf3 Bg5 24. Bxc5 dxc5 25. Be6 Rg7 26. Rdf1 f6 27. Rf5 Ke8 28. Qc4 b5 29. Qc3 Rb8 30. Qa5 Rb6 31. c4 bxc4 32. Qa4+ Kd8 33. Qxc4 Qd6 34. a3 Ke7 35. Ka2 a5 36. R1f2 Kd8 37. Qa4 Ra6 38. Rc2 Qb6 39. Rf3 Ke7 40. Qd7+ Kf8 41. Qd8# 1-0

[Event "January 9 Late 2024"]
[Site "https://www.chess.com"]
[Date "2024.01.10"]
[Round "6"]
[White "Pranav, V"]
[Black "Stremavicius, Titas"]
[Result "1-0"]
[Board "36"]
[TimeControl "180+1"]
[WhiteFideId "25060783"]
[BlackFideId "12804444"]
[WhiteElo "3028"]
[BlackElo "2800"]
[WhiteTeam "IND"]
[BlackTeam "LTU"]
[WhiteClock "0:00:57"]
[BlackClock "0:00:15"]

1. e4 c5 2. Nf3 e6 3. b3 Nc6 4. Bb2 a6 5. d4 cxd4 6. Nxd4 Bb4+ 7. Bc3 Qa5 8. Qd2 Bxc3 9. Nxc3 Nf6 10. O-O-O O-O 11. Kb2 b5 12. f3 b4 13. Na4 Nxd4 14. Qxd4 d5 15. Qb6 Qxb6 16. Nxb6 Rb8 17. Nxc8 Rfxc8 18. Bxa6 Rc7 19. Rhe1 Ra8 20. Bb5 Rac8 21. Rd2 Rc5 22. Bf1 Ra5 23. Rd4 Rb8 24. exd5 Nxd5 25. Bc4 Nb6 26. Red1 Nxc4+ 27. Rxc4 g5 28. c3 Rba8 29. Ra1 bxc3+ 30. Rxc3 Kg7 31. a4 h5 32. Rd1 Re5 33. Rd2 g4 34. f4 Re4 35. g3 h4 36. Ka3 Rb8 37. Rc5 hxg3 38. hxg3 Re3 39. Rb5 Rxb5 40. axb5 Rxg3 41. b6 Rh3 42. Rd8 g3 43. b7 1-0

[Event "January 9 Late 2024"]
[Site "https://www.chess.com"]
[Date "2024.01.09"]
[Round "6"]
[White "Erigaisi Arjun"]
[Black "Kozak, Antoni"]
[Result "0-1"]
[Board "37"]
[TimeControl "180+1"]
[WhiteFideId "35009192"]
[BlackFideId "21832030"]
[WhiteElo "3015"]
[BlackElo "2757"]
[WhiteTeam "IND"]
[BlackTeam "POL"]
[WhiteClock "0:00:41"]
[BlackClock "0:00:50"]

1. c4 e6 2. Nf3 d5 3. e3 Nf6 4. b3 Nbd7 5. Bb2 Bd6 6. Nc3 O-O 7. d4 b6 8. Qc2 a6 9. g4 Bb7 10. g5 Ne4 11. Nxe4 dxe4 12. Nd2 Qxg5 13. Nxe4 Qg6 14. f3 f5 15. Nxd6 Bxf3 16. Bg2 Qxg2 17. Qxg2 Bxg2 18. Rg1 Bf3 19. d5 e5 20. Rg3 Bh5 21. Ba3 cxd6 22. Bxd6 Rfe8 23. Rg5 Bg6 24. h4 Nf6 25. Bc7 b5 26. d6 Re6 27. Rd1 Be8 28. Rg2 Bc6 29. Rc2 Nd7 30. cxb5 Bxb5 31. a4 Rh6 32. axb5 axb5 33. Rd5 Rxh4 34. Rxb5 Rh1+ 35. Kd2 Kf7 36. Kc3 Ke6 37. b4 g5 38. Ra5 Rg8 39. b5 g4 40. b6 g3 41. Raa2 Rb1 42. Rd2 h5 43. Kc2 Rb5 44. Ra1 h4 45. Rh1 g2 46. Rxh4 g1=Q 47. Rh6+ Rg6 0-1

[Event "January 9 Late 2024"]
[Site "https://www.chess.com"]
[Date "2024.01.09"]
[Round "6"]
[White "Caruana, Fabiano"]
[Black "Timmermans, Mark"]
[Result "1-0"]
[Board "38"]
[TimeControl "180+1"]
[WhiteFideId "2020009"]
[BlackFideId "1026399"]
[WhiteElo "3011"]
[BlackElo "2750"]
[WhiteTeam "USA"]
[BlackTeam "NED"]
[WhiteClock "0:00:35"]
[BlackClock "0:00:11"]

1. c3 Nf6 2. d4 e6 3. Bg5 d5 4. e3 Be7 5. Nd2 Nbd7 6. Bd3 b6 7. Ngf3 Bb7 8. O-O Ne4 9. Bxe7 Qxe7 10. Qc2 f5 11. a4 a5 12. b4 O-O 13. b5 Rfc8 14. c4 c6 15. bxc6 Bxc6 16. Qb3 Rab8 17. Rfc1 g5 18. Nf1 g4 19. N3d2 Qh4 20. Nxe4 dxe4 21. Be2 Qe7 22. Ng3 Kh8 23. d5 Ba8 24. Qb2+ Kg8 25. Rd1 Nf6 26. Qe5 Kf7 27. dxe6+ Qxe6 28. Qxf5 Qxf5 29. Nxf5 Rd8 30. Nd4 h5 31. g3 Nd7 32. Rab1 Nc5 33. Rb5 Rd6 34. h3 gxh3 35. Bxh5+ Kf6 36. Rdb1 Nxa4 37. Rf5+ Ke7 38. Rf7+ Kd8 39. Rf8+ Kc7 40. Nb5+ 1-0

[Event "January 9 Late 2024"]
[Site "https://www.chess.com"]
[Date "2024.01.09"]
[Round "6"]
[White "Agibileg, Uurtsaikh"]
[Black "Paravyan, David"]
[Result "0-1"]
[Board "39"]
[TimeControl "180+1"]
[WhiteFideId "4901606"]
[BlackFideId "4194985"]
[WhiteElo "2723"]
[BlackElo "3011"]
[WhiteTeam "MGL"]
[BlackTeam "FID"]
[WhiteClock "0:00:02"]
[BlackClock "0:00:52"]

1. d4 d5 2. c4 dxc4 3. e4 e5 4. d5 Nf6 5. Nc3 Bc5 6. Bxc4 Ng4 7. Nh3 O-O 8. O-O h6 9. Kh1 c6 10. Be2 Qh4 11. b3 Bxf2 12. Ba3 Re8 13. Qd3 Bd4 14. Qf3 Nf6 15. Nf2 cxd5 16. Nxd5 Nxd5 17. exd5 Bxa1 18. Ne4 f5 19. Nd6 e4 20. Qe3 Be5 21. g3 Qe7 22. Nxe8 Qxa3 23. d6 Be6 24. Nc7 Bd7 25. Bc4+ Kh7 26. Nxa8 Qxd6 27. Qxa7 e3 28. Kg2 Qd2+ 29. Kf3 Bc6+ 30. Bd5 Bxd5# 0-1

[Event "January 9 Late 2024"]
[Site "https://www.chess.com"]
[Date "2024.01.09"]
[Round "6"]
[White "Mekhitarian, Krikor Sevag"]
[Black "Svane, Frederik"]
[Result "0-1"]
[Board "40"]
[TimeControl "180+1"]
[WhiteFideId "2107660"]
[BlackFideId "12923044"]
[WhiteElo "2745"]
[BlackElo "2950"]
[WhiteTeam "BRA"]
[BlackTeam "GER"]
[WhiteClock "0:00:00"]
[BlackClock "0:01:02"]

1. Nf3 c5 2. c4 e6 3. g3 Nf6 4. Bg2 d5 5. cxd5 exd5 6. d4 Nc6 7. O-O Be7 8. dxc5 Bxc5 9. Nc3 O-O 10. a3 Ne4 11. Qxd5 Nxc3 12. Qxc5 Nxe2+ 13. Kh1 Bg4 14. Be3 Qf6 15. Ng5 Rad8 16. h3 Bf5 17. b4 Ned4 18. Rad1 h6 19. b5 hxg5 20. bxc6 Nxc6 21. g4 Rxd1 22. Rxd1 Be6 23. Qxg5 Qb2 24. Qc5 Rc8 25. a4 Qb3 26. Ra1 Nb4 27. Qxa7 Nc2 28. Rg1 Bd5 29. Qb6 Bxg2+ 30. Rxg2 Qd5 31. Qb1 Qf3 32. Kh2 Nxe3 33. fxe3 Qxe3 34. Qg1 Qe5+ 35. Kh1 Rc3 36. Rh2 Qe4+ 0-1

[Event "January 9 Late 2024"]
[Site "https://www.chess.com"]
[Date "2024.01.09"]
[Round "6"]
[White "Nguyen, Ngoc Truong Son"]
[Black "Hambleton, Aman"]
[Result "1-0"]
[Board "41"]
[TimeControl "180+1"]
[WhiteFideId "12401110"]
[BlackFideId "2606577"]
[WhiteElo "2942"]
[BlackElo "2713"]
[WhiteTeam "VIE"]
[BlackTeam "CAN"]
[WhiteClock "0:00:05"]
[BlackClock "0:00:01"]

1. d4 e5 2. dxe5 Nc6 3. Nf3 Qe7 4. Nc3 Nxe5 5. Nd5 Nxf3+ 6. gxf3 Qd8 7. e4 d6 8. Rg1 Nf6 9. Bg5 Be7 10. Qd4 h6 11. Bxf6 Bxf6 12. Nxf6+ Qxf6 13. Qxf6 gxf6 14. Bc4 Kf8 15. Kd2 Be6 16. Bxe6 fxe6 17. Rg3 Kf7 18. c4 Rag8 19. Ke3 h5 20. h4 a5 21. b3 Rg6 22. a3 Rhg8 23. Rxg6 Rxg6 24. b4 axb4 25. axb4 Rg8 26. Ra7 Rb8 27. Ra5 e5 28. f4 Ke6 29. fxe5 fxe5 30. f4 Rg8 31. f5+ Kd7 32. Ra7 Kc6 33. Ra1 Rg3+ 34. Ke2 Rg4 35. Ke3 Kd7 36. Ra7 Kc6 37. b5+ Kb6 38. Ra1 Rg3+ 39. Ke2 Rg4 40. Rf1 Rxe4+ 41. Kd3 Rd4+ 42. Ke3 Rg4 43. f6 Rg8 44. Ke4 Kc5 45. Kf5 Kxc4 46. Rc1+ Kxb5 47. Rxc7 Rf8 48. f7 Kb6 49. Re7 Kc6 50. Kf6 b5 51. Re8 Rxf7+ 52. Kxf7 b4 53. Ke6 Kc5 54. Rc8+ Kd4 55. Kxd6 e4 56. Rb8 e3 57. Rxb4+ Kc3 58. Re4 Kd3 59. Ke5 e2 60. Kf4 Kd2 61. Kg5 Kd3 62. Re5 Kd4 63. Rxe2 1-0

[Event "January 9 Late 2024"]
[Site "https://www.chess.com"]
[Date "2024.01.09"]
[Round "6"]
[White "Sieciechowicz, Marcin"]
[Black "Smirnov, Anton"]
[Result "0-1"]
[Board "42"]
[TimeControl "180+1"]
[WhiteFideId "1130170"]
[BlackFideId "3208923"]
[WhiteElo "2695"]
[BlackElo "2925"]
[WhiteTeam "POL"]
[BlackTeam "AUS"]
[WhiteClock "0:00:00"]
[BlackClock "0:01:14"]

1. d4 d5 2. Bf4 Nf6 3. e3 c5 4. c3 Nc6 5. Nd2 Bg4 6. Ngf3 e6 7. Bd3 Be7 8. O-O O-O 9. h3 Bh5 10. Re1 Qb6 11. Rb1 Rac8 12. a3 a5 13. Qa4 c4 14. g4 cxd3 15. gxh5 Nxh5 16. Bh2 f5 17. c4 Nf6 18. b4 axb4 19. axb4 Ne4 20. c5 Qd8 21. Qb3 Rf6 22. Qxd3 Rg6+ 23. Kf1 Rh6 24. b5 Na5 25. Be5 Rxh3 26. Ke2 g5 27. Rg1 g4 28. Bf4 Qe8 29. Qa3 Nc4 30. Nxc4 dxc4 31. Ne5 Qh5 32. Ke1 Rh1 0-1

[Event "January 9 Late 2024"]
[Site "https://www.chess.com"]
[Date "2024.01.09"]
[Round "6"]
[White "Skvortsov, Andrei"]
[Black "Hess, Robert"]
[Result "0-1"]
[Board "43"]
[TimeControl "180+1"]
[WhiteFideId "24108600"]
[BlackFideId "2022036"]
[WhiteElo "2690"]
[BlackElo "2909"]
[WhiteTeam "MNE"]
[BlackTeam "USA"]
[WhiteClock "0:00:28"]
[BlackClock "0:00:06"]

1. e4 d5 2. e5 c5 3. c3 d4 4. cxd4 cxd4 5. Bb5+ Bd7 6. e6 fxe6 7. Bc4 g6 8. Nf3 Bg7 9. O-O Nc6 10. Re1 e5 11. a3 Nh6 12. d3 Nf5 13. b4 a6 14. Ng5 Nd6 15. Be6 h6 16. Bxd7+ Qxd7 17. Ne4 Nxe4 18. dxe4 Qe6 19. Nd2 O-O 20. Nf1 Na7 21. Bd2 Nb5 22. f3 Rac8 23. Qe2 Rfd8 24. Qd3 Qc4 25. Qxc4+ Rxc4 26. Rec1 Rdc8 27. Kf2 Nxa3 28. Rxa3 Rxc1 29. Bxc1 Rxc1 30. b5 Rc2+ 31. Ke1 axb5 32. Nd2 Bf6 33. Kd1 Rb2 34. Kc1 Rb4 35. Kc2 Ra4 36. Rb3 Bg5 37. f4 Bxf4 38. Nf3 Ra2+ 39. Kd3 Rxg2 40. Rxb5 Rf2 41. Nh4 Kf7 42. Rxb7 Bg5 0-1

[Event "January 9 Late 2024"]
[Site "https://www.chess.com"]
[Date "2024.01.09"]
[Round "6"]
[White "Livaic, Leon"]
[Black "Baziuk, Vladyslav"]
[Result "1-0"]
[Board "44"]
[TimeControl "180+1"]
[WhiteFideId "14531534"]
[BlackFideId "34107940"]
[WhiteElo "2888"]
[BlackElo "2682"]
[WhiteTeam "CRO"]
[BlackTeam "UKR"]
[WhiteClock "0:00:10"]
[BlackClock "0:00:08"]

1. d4 Nf6 2. c4 e6 3. Nf3 c5 4. d5 exd5 5. cxd5 g6 6. Nc3 d6 7. Bg5 Bg7 8. Nd2 O-O 9. e4 Re8 10. Be2 Na6 11. O-O Nc7 12. Re1 Rb8 13. a4 b6 14. Qc2 a6 15. Nc4 b5 16. axb5 axb5 17. Na5 Bd7 18. Nc6 Bxc6 19. dxc6 h6 20. Bxf6 Bxf6 21. Nd5 Bd4 22. Ra7 Nxd5 23. exd5 Qf6 24. Rf1 c4 25. Rd7 Bxb2 26. h4 Bd4 27. h5 g5 28. Bg4 Qf4 29. Be6 Rf8 30. c7 Ra8 31. Re1 Bxf2+ 32. Qxf2 Qxf2+ 33. Kxf2 fxe6+ 34. Kg3 e5 35. Rxd6 Rac8 36. Rc6 Rf7 37. d6 Rd7 38. Rb6 Kf7 39. Rb8 Rcxc7 40. dxc7 Rxc7 41. Rxb5 c3 42. Rbxe5 c2 43. Rf1+ Kg7 44. Rc1 Kf6 45. Re2 Rc3+ 46. Kh2 Rc4 47. g3 Rh4+ 48. gxh4 gxh4 49. Rexc2 Kg5 50. Rg2+ Kxh5 51. Rc5# 1-0

[Event "January 9 Late 2024"]
[Site "https://www.chess.com"]
[Date "2024.01.09"]
[Round "6"]
[White "Annaberdiyev, Meylis"]
[Black "Kadric, Denis"]
[Result "0-1"]
[Board "45"]
[TimeControl "180+1"]
[WhiteFideId "14000563"]
[BlackFideId "14403803"]
[WhiteElo "2676"]
[BlackElo "2887"]
[WhiteTeam "TKM"]
[BlackTeam "MNE"]
[WhiteClock "0:00:00"]
[BlackClock "0:01:00"]

1. e4 d6 2. d4 Nf6 3. Nc3 e5 4. Nf3 Nbd7 5. Bc4 Be7 6. O-O O-O 7. Re1 c6 8. a3 b5 9. Ba2 Bb7 10. Bg5 a5 11. b4 Re8 12. h3 axb4 13. axb4 h6 14. Be3 exd4 15. Nxd4 Bf8 16. Nf5 Ne5 17. Bd4 Qc7 18. f4 Ned7 19. Qf3 d5 20. e5 Nh7 21. e6 Rxe6 22. Rxe6 fxe6 23. Nxh6+ gxh6 24. Qg4+ Kf7 25. Re1 Re8 26. f5 Ng5 27. Qh5+ Ke7 28. fxe6 Kd8 29. Qg4 Qd6 30. h4 Nxe6 31. Qg6 Nc7 32. Rxe8+ Nxe8 33. Qf7 Qxb4 0-1